 Dungeon Crawl Stone Soup version 0.30.0-11-gf55b779eaf (webtiles) character file.

Game seed: 7015867076846814585

104 Sobieck the Sneak (level 4, -2/22 HPs)
             Began as a Spriggan Earth Elementalist on May 16, 2023.
             Killed by divine providence
             ... invoked by an orc priest
              (7 damage)
             ... on level 2 of the Dungeon.
             The game lasted 00:05:34 (2302 turns).

Sobieck the Sneak (Spriggan Earth Elementalist)     Turns: 2302, Time: 00:05:34

Health: -2/22      AC:  2    Str:  4    XL:     4   Next: 52%
Magic:  8/9        EV: 18    Int: 18    God:
Gold:   85         SH:  0    Dex: 15    Spells: 3/9 levels left

rFire   . . .        d - +0 dagger {short}
rCold   . . .        (no shield)
rNeg    . . .        a - +0 robe
rPois   .            (helmet restricted)
rElec   .            (no cloak)
rCorr   .            (gloves unavailable)
SInv    +            (boots unavailable)
Will    .....        (no amulet)
Stlth   +++          (no ring)
HPRegen 0.23/turn    (no ring)
MPRegen 0.11/turn

%: no passive effects
@: very quick
A: very small, no large weapons, unfitting armour, see invisible, speed 3
a: no special abilities


You were on level 2 of the Dungeon.
You visited 1 branch of the dungeon, and saw 3 of its levels.

You collected 85 gold pieces.


Innate Abilities, Weirdness & Mutations

You are very small and have problems with some larger weapons.
You are too small for most types of armour.
You have supernaturally acute eyesight. (SInv)
You cover ground extremely quickly. (Speed+++)


   Skills:
 - Level 1.0 Fighting
 + Level 1.7 Short Blades
 + Level 3.7 Dodging
 + Level 4.2 Stealth
 + Level 3.0 Spellcasting
 + Level 2.2 Transmutations
 + Level 2.9 Earth Magic


You had 3 spell levels left.
You knew the following spells:

 Your Spells              Type           Power      Damage    Failure   Level
a - Sandblast             Erth           26%        2d8       4%          1
b - Passwall              Tmut/Erth      10%        N/A       9%          2
c - Stone Arrow           Conj/Erth      16%        3d8       26%         3

Your spell library contained the following spells:

 Spells                   Type           Power      Damage    Failure   Level
 Freeze                   Ice            8%         1d3       16%         1
 Cigotuvi's Dreadful Rot  Necr/Pois/Air  4%         N/A       24%         2
 Frozen Ramparts          Ice            4%         1d1       43%         3
 Hailstorm                Conj/Ice       2%         3d3       43%         3
 Petrify                  Tmut/Erth      12%        N/A       50%         4
 Dispel Undead            Necr           2%         3d7       85%         4
 Death Channel            Necr           1%         N/A       100%        6

Inventory:

Hand Weapons
 c - a +0 flail {mace}
   (You took it off a gnoll on level 1 of the Dungeon)
 d - a +0 dagger (weapon) {short}
   (You took it off a kobold on level 1 of the Dungeon)
Missiles
 e - 11 stones {throwing}
 m - 4 poisoned darts {throwing}
Armour
 a - a +0 robe (worn)
Scrolls
 f - a scroll of fog {unknown}
 g - a scroll of identify {unknown}
 i - a scroll of silence {unknown}
 j - a scroll of brand weapon {unknown}
 k - 3 scrolls of magic mapping {unknown}
Potions
 b - a potion of magic
 h - a potion of degeneration {unknown}
 l - a potion of haste {@q3}

Dungeon Overview and Level Annotations

Branches:
Dungeon (3/15) Zot: 16306

Altars:

##### #...# #...##
######....########
#.........#......#
#.####....#..#########
#....................# ####
#.........@..#######.# ...#
#...o.....#..# #.# ##.##
#............# ####.##
##..###..o......#..#
#.....#
...o>##.#.#.#..##..#
#.#####
###oo...#.#.#..##..####.#
##......#...#..##....##.#
##...##.#.#.##.##.....#.#
##...##.#.####.....#..#.###


You could see an orc priest and an orc.


Message History

You are too injured to fight recklessly!
You are too injured to fight recklessly!
You are too injured to fight recklessly!
Unknown command.
Casting: Sandblast (safe; 4% risk of failure)
Confirm with . or Enter, or press ? or * to list all spells.
Aiming: Sandblast (safe; 4% risk of failure)
Press: ? - help, Shift-Dir - straight line, f - hobgoblin
Aim: a hobgoblin (moderately wounded, 82% to hit)
The blast of sand hits the hobgoblin!
You kill the hobgoblin!
You pick up a book of Decay and begin reading...
You add the spells Cigotuvi's Dreadful Rot, Dispel Undead and Death Channel to your library.
Unknown command.
Found a stone staircase leading down.
Unknown command.
You now have 84 gold pieces (gained 9).
A ball python comes into view.
Danger!
Unknown command.
Casting: Sandblast (safe; 4% risk of failure)
Confirm with . or Enter, or press ? or * to list all spells.
Aiming: Passwall (safe; 9% risk of failure)
Press: ? - help, Dir - move target A rock wall.
You begin to meditate on the wall.
You continue meditating on the rock. x2
You finish merging with the rock.
Danger!
The helpless ball python fails to defend itself.
You puncture the ball python!
You kill the ball python!
Unknown command.
A rat comes into view.
Danger!
The blast of sand hits the rat!
You kill the rat!
e - 11 stones {throwing} (gained 5)
A bat comes into view.
Danger!
The helpless bat fails to defend itself.
You impale the bat!!
You kill the bat!
No target in view!
m - 4 poisoned darts {throwing} You now have 85 gold pieces (gained 1).
There is a stone staircase leading down here.
Done exploring.
Unknown command.
Done exploring.
(D) Dungeon
Where to? (Enter - D:2, ? - help)
There is a stone staircase leading down here.
You climb downwards.
The orc wizard shouts!
The orc shouts! x2; The orc priest shouts!
Found a chain mail and a black potion.
Found a stone staircase leading down.
There is a stone staircase leading up here.
There are monsters nearby!
Unknown command.
Danger!
Unknown command.
You hear an angry hiss.
The orc priest completely misses you. The orc completely misses you.
The orc misses you.
You climb upwards.
There is a stone staircase leading down here.
Unknown command.
Unknown command.
Unknown command.
Casting: Sandblast (safe; 4% risk of failure)
Confirm with . or Enter, or press ? or * to list all spells.
Okay, then.
Unknown command.
Casting: Sandblast (safe; 4% risk of failure)
Confirm with . or Enter, or press ? or * to list all spells.
Aiming: Passwall (safe; 9% risk of failure)
Press: ? - help, Dir - move target A rock wall.
The orc priest looks encouraged for a moment.
The orc hits you with a +0 trident. The orc hits you with a +0 flail.
You begin to meditate on the wall.
You continue meditating on the rock.
The orc priest completely misses you. The orc completely misses you.
The orc hits you with a +0 flail.
* * * LOW HITPOINT WARNING * * *
You continue meditating on the rock.
The orc priest misses you. The orc hits you with a +0 trident.
* * * LOW HITPOINT WARNING * * *
The orc misses you.
You continue meditating on the rock.
The orc priest hits you with a +0 club.
* * * LOW HITPOINT WARNING * * *
The orc barely misses you. x2
You finish merging with the rock.
Unknown command.
You start resting.
An orc is nearby!
Danger!
The orc priest shouts!
Danger!
The orc priest calls down the wrath of Beogh upon you.
Beogh smites you!
You die...

Skill      XL: |  1  2  3  4 |
---------------+-------------+-----
Dodging        | 3 |  3.7
Short Blades   | 1 |  1.7
Fighting       | 1 |  1.0
Stealth        | 4 |  4.2
Transmutations | 2 |  2.2
Spellcasting   | 3 |  3.0
Earth Magic    | |  2.9

Action                     |  1- 3 |  4- 6 || total
---------------------------+-------+-------++-------
  Melee: Dagger            |    22 |     7 ||    29
   Cast: Sandblast         |    32 |    23 ||    55
         Passwall          |     2 |     3 ||     5
   Stab: Sleeping          |     7 |     2 ||     9
 Armour: Robe              |     1 |     1 ||     2
  Dodge: Dodged            |    15 |    16 ||    31

Levels and vault maps discovered:
D:1:      dpeg_arrival_boxorama, layout_basic, nicolae_titane
D:2:      layout_basic, dreamdust_ecumenical_altar_grove
D:3:      minmay_octagon_keep, layout_basic, corexii_shack, uniq_ijyb

Notes
Turn   | Place    | Note
-------+----------+-------------------------------------------
     0 | D:1      | Sobieck the Spriggan Earth Elementalist began the quest for
                  | the Orb.
     0 | D:1      | Reached XP level 1. HP: 9/9 MP: 5/5
    20 | D:1      | Reached skill level 3 in Dodging
    20 | D:1      | Reached XP level 2. HP: 14/14 MP: 2/6
   670 | D:1      | Reached skill level 1 in Short Blades
   675 | D:1      | Reached skill level 1 in Fighting
   675 | D:1      | Reached XP level 3. HP: 15/18 MP: 1/8
   678 | D:1      | Learned a level 2 spell: Passwall
   891 | D:1      | Learned a level 3 spell: Stone Arrow
  1345 | D:2      | Found a faded altar of an unknown god.
  1415 | D:2      | You pick up a book of Frost and begin reading...
  1415 | D:2      | You add the spells Freeze, Frozen Ramparts and Hailstorm to
                  | your library.
  1494 | D:2      | Reached skill level 4 in Stealth
  1494 | D:2      | Reached XP level 4. HP: 22/22 MP: 6/9
  1656 | D:2      | Reached skill level 2 in Transmutations
  1674 | D:2      | Reached skill level 3 in Spellcasting
  2022 | D:2      | You pick up a book of Decay and begin reading...
  2022 | D:2      | You add the spells Cigotuvi's Dreadful Rot, Dispel Undead
                  | and Death Channel to your library.
  2286 | D:2      | HP: 3/22 [orc priest/+0 club (4)]
  2302 | D:2      | Killed from afar by an orc priest

Vanquished Creatures
  A jelly (D:2)
  A gnoll (D:1)
  An adder (D:2)
  A worm (D:2)
  A dart slug (D:2)
  2 orcs (D:2)
  5 bats
  2 endoplasms (D:1)
  3 giant cockroaches
  3 goblins
  6 hobgoblins
  5 jackals (D:1)
  3 quokkas
  5 ball pythons
  A frilled lizard (D:1)
  3 kobolds (D:1)
  2 rats
45 creatures vanquished.

Table legend:
 A = Non-vault XP
 B = Vault XP
 C = Vault XP percentage of total XP
 D = Non-vault monster count
 E = Vault monster count
 F = Vault count percentage of total count
                 A         B        C        D         E       F
            +---------+---------+-------+---------+---------+-------
      Total |     149 |       0 |   0.0 |      45 |       0 |   0.0
            +---------+---------+-------+---------+---------+-------
        D:1 |      58 |       0 |   0.0 |      26 |       0 |   0.0
        D:2 |      91 |       0 |   0.0 |      19 |       0 |   0.0
            +---------+---------+-------+---------+---------+-------

Skill      XL: |  1  2  3  4 |
---------------+-------------+-----
Dodging        | 3 |  3.7
Short Blades   | 1 |  1.7
Fighting       | 1 |  1.0
Stealth        | 4 |  4.2
Transmutations | 2 |  2.2
Spellcasting   | 3 |  3.0
Earth Magic    | |  2.9

Action                     |  1- 3 |  4- 6 || total
---------------------------+-------+-------++-------
  Melee: Dagger            |    22 |     7 ||    29
   Cast: Sandblast         |    32 |    23 ||    55
         Passwall          |     2 |     3 ||     5
   Stab: Sleeping          |     7 |     2 ||     9
 Armour: Robe              |     1 |     1 ||     2
  Dodge: Dodged            |    15 |    16 ||    31

Illustrated notes

Table legend:
 A = Kills in this place as a percentage of kills in the entire game.
 B = Kills by you in this place as a percentage of kills by you in the entire game.
 C = Kills by friends in this place as a percentage of kills by friends in the entire game.
 D = Other kills in this place as a percentage of other kills in the entire game.
 E = Experience gained in this place as a percentage of experience gained in the entire game.
 F = Experience gained in this place divided by the number of levels of this place that you have seen.
                   A       B       C       D       E      F
               +-------+-------+-------+-------+-------+----------------------
         Total | 100.0 | 100.0 |   N/A |   N/A | 100.0 |  49.7
       Dungeon | 100.0 | 100.0 |   N/A |   N/A | 100.0 |  49.7
               +-------+-------+-------+-------+-------+----------------------

Table legend: (Time is in decaauts)
 A = Elapsed time spent in this place.
 B = Non-inter-level travel time spent in this place.
 C = Inter-level travel time spent in this place.
 D = Time resting spent in this place.
 E = Time spent auto-exploring this place.
 F = Levels seen in this place.
 G = Mean time per level.
                   A        B        C        D        E       F      G
               +--------+--------+--------+--------+--------+-----+--------+
         Total |   1693 |   1655 |     38 |     66 |   1316 |   3 |  564.3 |
       Dungeon |   1693 |   1655 |     38 |     66 |   1316 |   3 |  564.3 |
               +--------+--------+--------+--------+--------+-----+--------+

Top non-repeatable levels by time:
     D:1: 911 daAuts
     D:2: 780 daAuts
     D:3: 1 daAuts
